 Dungeon Crawl Stone Soup version 0.30-a0-748-ge6a52f7cba (webtiles) character file.

Game seed: 10616514637442197866

17053 tilp the Carver (level 13, 0/113 HPs)
             Began as a Meteoran Fighter on Feb 8, 2023.
             Was a High Priest of Okawaru.
             Slain by an orc warrior
             ... wielding a +0 trident
              (12 damage)
             ... on level 2 of the Orcish Mines.
             The game lasted 00:34:25 (7840 turns).

tilp the Carver (Meteoran Fighter)                  Turns: 7840, Time: 00:34:26

Health: 0/113      AC: 23    Str: 24    XL:     13   Next: 11%
Magic:  22/22      EV: 13    Int:  8    God:    Okawaru [*****.]
Gold:   677        SH:  6    Dex: 18    Spells: 12/12 levels left

rFire   . . .      SeeInvis .    a - +3 long sword (flame)
rCold   + + .      Faith    .    c - +0 buckler
rNeg    . . .      Spirit   .    N - +3 chain mail
rPois   .          Reflect  .    s - +2 hat
rElec   .          Harm     .    H - +0 cloak "Ontot" {rC++ Will+ Int-3}
rCorr   .          Rampage  .    D - +0 pair of gloves
Will    ++...                    h - +0 pair of boots Stlth
                                 S - amulet of regeneration
HPRegen 1.18/turn                l - +4 ring of protection
MPRegen 0.18/turn                r - +6 ring of strength

@: glowing, studying Ice Magic
A: sense surroundings 2, otherworldly, glowing, explore regen
a: Renounce Religion, Heroism, Finesse, Duel


You were on level 2 of the Orcish Mines.
You worshipped Okawaru.
Okawaru was extremely pleased with you.
You visited 3 branches of the dungeon, and saw 15 of its levels.
You also visited: Bailey and Ice Cave.

You collected 1654 gold pieces.
You spent 977 gold pieces at shops.

Inventory:

Hand Weapons
 a - a +3 long sword of flaming (weapon)
 b - a +0 vampiric scimitar
 T - a +2 triple sword of freezing
 U - a +5 great sword of freezing
Missiles
 f - 39 poisoned darts
 u - 9 datura-tipped darts
 B - 4 javelins
 I - 17 boomerangs (quivered)
 J - 14 curare-tipped darts
 K - 5 atropa-tipped darts
 W - 2 boomerangs of dispersal
Armour
 c - a +0 buckler (worn)
 h - a +0 pair of boots (worn)
 s - a +2 hat (worn)
 D - a +0 pair of gloves (worn)
 H - the +0 cloak "Ontot" (worn) {rC++ Will+ Int-3}
   (You bought it in a shop on level 4 of the Dungeon)

   Int:       It affects your intelligence (-3).
   rC:        It greatly protects you from cold.
   Will:      It increases your willpower.
 L - a +0 helmet
 M - a +1 cloak
 N - a +3 chain mail (worn)
 V - a +1 crystal plate armour of cold resistance
Jewellery
 e - an amulet of reflection
 l - a +4 ring of protection (left hand)
 p - a ring of see invisible
 r - a +6 ring of strength (right hand)
 x - a ring of protection from fire
 F - a ring of protection from fire
 P - a ring of resist corrosion
 S - an amulet of regeneration (around neck)
Wands
 q - a wand of flame (7)
 v - a wand of mindburst (11)
 w - a wand of quicksilver (29)
 y - a wand of digging (5)
 Z - a wand of polymorph (9)
Scrolls
 j - 8 scrolls of teleportation
 A - 2 scrolls of vulnerability
 C - a scroll of torment
 E - 4 scrolls of blinking
 Q - 2 scrolls of fear
Potions
 d - 2 potions of flight
 g - a potion of attraction {unknown}
 i - 2 potions of haste {unknown}
 k - a potion of ambrosia
 m - 2 potions of lignification
 n - 3 potions of mutation {unknown}
 o - 4 potions of heal wounds
 t - 2 potions of magic {unknown}
 z - 7 potions of curing
 G - a potion of might
 X - 2 potions of berserk rage {unknown}
Miscellaneous
 Y - a piece from Xom's chessboard (15/15)


   Skills:
 - Level 10.0 Fighting
 * Level 11.8 Long Blades
 + Level 5.1 Throwing
 + Level 7.6 Armour
 + Level 9.2 Dodging
 - Level 4.0 Stealth
 - Level 6.0 Shields
 * Level 10.8 Invocations
 + Level 5.0 Evocations


You had 12 spell levels left.
You didn't know any spells.
Your spell library was empty.

Dungeon Overview and Level Annotations

Branches:
Dungeon (12/15) Zot: 328   Temple (1/1) D:4 Zot: 504    Lair (0/5) D:11
    Orc (2/2) D:12 Zot: 1024     Elf (0/3) Orc:2        Bailey (visited)
  IceCv (visited)

Altars:
Ashenzari
Cheibriados
Dithmenos
Elyvilon
Fedhas
Gozag
Hepliaklqana
Kikubaaqudgha
Makhleb
Nemelex Xobeh
Okawaru
Qazlal
Ru
Sif Muna
Trog
Uskayaw
Vehumet
Wu Jian
Xom
Yredelemnul
Zin
The Shining One

Shops:
D:2 *   D:3 [   D:4 [


Innate Abilities, Weirdness & Mutations

You passively map the area around you.
You are easily found by Zot.
You glow in the dark.
You regain HP and MP as you explore.


Message History

Unknown command.
Unknown command.
The grasping roots constrict the orc warlord.
The grasping roots constrict the orc warrior!
The grasping roots constrict the orc.
You kill the orc!
Okawaru accepts your kill.
The grasping roots constrict the orc warrior!
The roots release their grip on the orc warlord.
The orc no longer looks unusually strong.
The roots release their grip on the orc warrior.
You block the orc warrior's attack.
The orc warrior struggles to escape constriction.
Items here: )))))))) [[[[ †††.
Aiming: Fastroot
Press: ? - help, Shift-Dir - straight line The roots erupt in riotous growth!
Roots grab the orc warrior.
The now-empty wand crumbles to dust.
The grasping roots constrict the orc warrior. x2
The roots release their grip on the orc warrior.
The orc warlord roars a battlecry!
The orc goes into a battle-frenzy!
The orc warrior hits you with a +0 trident!
* * * LOW HITPOINT WARNING * * *
An orc warrior comes into view. It is wielding a +0 battleaxe.
Unknown command.
Unknown command.
Unknown command.
Unknown command.
The orc warlord attacks as you move away!
The orc warlord hits you with a +0 great mace!!
* * * LOW HITPOINT WARNING * * *
The grasping roots constrict the orc warrior.
The orc priest no longer looks unusually strong.
The orc warrior no longer looks unusually strong.
The orc warlord roars a battlecry!
The orcs go into a battle-frenzy!
The orc warrior hits you with a +0 trident!
You die...

,,,,,***,,,,,,,,,,**,,,,,,,*
,,,,,,*,,..,.......#....,,,*
,,,,,,,,,...,............,,*
***,,,,,,,...#............,* *
*,,,,,,,#..#<........#..**
****,,,,,,#.#.#...........*
**,*,,,,,,*#.........$.#.#*
*,,,,,,,,,.##...........#,**
**,*,**,,.#..#..@o.......,,**
*******,#.......))).#..,,,,**
*** ***##......#o#.#....,*,*
*,*****,**#......##o##....,,,*
,,,,*,,,∩*#$....o#)ooo.....,,*
,,,,,,,,**###>..)[#.o......***
,*,,,,*** #$.....##o$....#*
*,,,,** ###....o.......#
*,,,**** #^.<......$.##


You could see an orc warlord, 3 orc warriors, an orc priest (strong) and 3 orcs.

Vanquished Creatures
  4 two-headed ogres
  A boulder beetle (D:11)
  2 bog bodies (IceCv)
  An orc knight (Bailey)
  A cyclops (D:11)
  An ice statue (IceCv)
  2 gargoyles
  2 rime drakes (D:12)
  A kobold demonologist (D:12)
  An anaconda simulacrum (IceCv)
  A komodo dragon (D:10)
  A freezing wraith (IceCv)
  An ice devil (IceCv)
  2 trolls
  A hornet (D:8)
  A shadow (D:12)
  A wraith (D:11)
  9 yaks
  7 vampire mosquitoes
  3 death yak simulacra (IceCv)
  A harpy simulacrum (IceCv)
  2 hydra simulacra (IceCv)
  3 water moccasins
  An ice beast (D:5)
  16 orc warriors
  3 black bears
  An ogre (D:4)
  2 centaurs
  A phantom (D:5)
  7 kobold brigands
  A bullfrog (D:7)
  3 scorpions
  3 cane toad simulacra (IceCv)
  2 necrophages
  9 two-headed ogre simulacra (IceCv)
  4 wights (D:5)
  2 elephant simulacra (IceCv)
  8 killer bees (D:8)
  3 howler monkeys (D:8)
  A hound (D:6)
  7 orc priests
  A gnoll bouda (D:6)
  12 orc wizards
  A polar bear simulacrum (IceCv)
  5 spriggan simulacra (IceCv)
  5 troll simulacra (IceCv)
  A wolf simulacrum (IceCv)
  7 gnolls
  8 adders
  6 naga simulacra (IceCv)
  A shadow imp (D:5)
  4 white imps (IceCv)
  6 ufetubi (IceCv)
  A dart slug (D:3)
  46 orcs
  3 endoplasms
  A giant cockroach (D:4)
  8 goblins
  5 hobgoblins
  10 jackals
  23 kobolds
  5 quokkas
  3 ball pythons
  5 bats
  4 frilled lizards
  4 rats
298 creatures vanquished.

Vanquished Creatures (others)
  4 fungi (D:4)
4 creatures vanquished.

Grand Total: 302 creatures vanquished

Notes
Turn   | Place    | Note
-------+----------+-------------------------------------------
     0 | D:1      | tilp the Meteoran Fighter began the quest for the Orb.
     0 | D:1      | Reached XP level 1. HP: 19/19 MP: 2/2
    63 | D:1      | Reached XP level 2. HP: 22/26 MP: 3/3
    70 | D:1      | Found a faded altar of an unknown god.
   162 | D:2      | Reached skill level 1 in Dodging
   166 | D:2      | Reached XP level 3. HP: 23/31 MP: 4/4
   296 | D:2      | Reached skill level 3 in Long Blades
   378 | D:2      | Reached skill level 1 in Stealth
   378 | D:2      | Reached XP level 4. HP: 27/38 MP: 5/5
   514 | D:2      | Found Zinkeluw's Assorted Antiques.
   521 | D:2      | Reached XP level 5. HP: 40/45 MP: 6/6
   525 | D:2      | Bought a scroll labelled ADIRRO KODU for 21 gold pieces
   525 | D:2      | Bought a scroll labelled EMPEHEBENI for 21 gold pieces
   537 | D:3      | Found Hemneuck's Armour Shop.
   640 | D:4      | Found a blossoming altar of Fedhas.
   642 | D:4      | Noticed an ogre
   871 | D:4      | Found a basalt altar of Yredelemnul.
   991 | D:2      | Bought an inky potion for 18 gold pieces
   991 | D:2      | Bought a scroll of identify for 42 gold pieces
  1031 | D:4      | Killed an ogre
  1032 | D:4      | Reached skill level 4 in Long Blades
  1032 | D:4      | Reached XP level 6. HP: 18/52 MP: 7/7
  1075 | D:4      | Found a stormy altar of Qazlal.
  1075 | D:4      | Found a hide-covered altar of Uskayaw.
  1097 | D:4      | Found an ancient bone altar of Kikubaaqudgha.
  1264 | D:5      | Entered Level 5 of the Dungeon
  1333 | D:4      | Found Rumm's Antique Armour Shoppe.
  1356 | D:4      | Found a staircase to the Ecumenical Temple.
  1392 | D:4      | Found a glowing golden altar of the Shining One.
  1435 | Temple   | Entered the Ecumenical Temple
  1685 | D:5      | Noticed an ice beast
  1696 | D:5      | Killed an ice beast
  1697 | D:5      | Reached skill level 5 in Long Blades
  1697 | D:5      | Reached XP level 7. HP: 47/59 MP: 8/8
  1798 | D:5      | Found a broken altar of Ashenzari.
  1972 | D:5      | Reached skill level 6 in Long Blades
  2249 | D:5      | Reached skill level 1 in Throwing
  2249 | D:5      | Reached XP level 8. HP: 58/67 MP: 9/9
  2519 | D:6      | Found a sparkling altar of Nemelex Xobeh.
  2658 | D:6      | Reached skill level 5 in Fighting
  2666 | D:6      | Found a snail-covered altar of Cheibriados.
  2748 | D:7      | Found a shimmering altar of Xom.
  2765 | D:7      | Reached skill level 7 in Long Blades
  2841 | D:8      | Noticed a hornet
  2868 | D:7      | Found an ornate altar of the Wu Jian Council.
  2902 | D:7      | Gained mutation: You passively map the area around you.
                  | [Meteoran growth]
  2902 | D:7      | Reached XP level 9. HP: 66/74 MP: 10/10
  2927 | D:7      | Reached skill level 5 in Dodging
  2970 | D:6      | Reached skill level 5 in Armour
  3113 | D:7      | Found an iron altar of Okawaru.
  3118 | D:7      | Became a worshipper of Warmaster Okawaru
  3174 | D:8      | Reached skill level 1 in Evocations
  3204 | D:9      | Identified the +1 falchion of Utialan {protect, rN+ MP-9
                  | Dex+2}
  3288 | D:8      | Reached skill level 8 in Long Blades
  3434 | D:8      | Reached * piety under Okawaru
  3539 | D:8      | Killed a hornet
  3812 | D:8      | Reached XP level 10. HP: 52/86 MP: 2/11
  3826 | D:8      | Reached skill level 9 in Long Blades
  3835 | D:8      | Reached ** piety under Okawaru
  3858 | D:8      | Found a glowing silver altar of Zin.
  3996 | D:8      | Reached skill level 1 in Invocations
  4154 | D:10     | Entered Level 10 of the Dungeon
  4186 | D:10     | Found a flagged portal.
  4193 | D:10     | Identified the +7 hand axe "Hydrabane" {flame, Str+2}
  4197 | Bailey   | Entered a bailey
  4300 | Bailey   | Noticed an orc knight
  4327 | Bailey   | Killed an orc knight
  4328 | Bailey   | Reached skill level 10 in Long Blades
  4350 | Bailey   | Reached skill level 5 in Invocations
  4351 | Bailey   | Found a burning altar of Makhleb.
  4710 | D:3      | Bought a +0 pair of boots for 63 gold pieces
  4710 | D:3      | Bought a +0 helmet for 63 gold pieces
  4744 | D:2      | Bought a glowing long sword for 136 gold pieces
  4744 | D:2      | Bought a knobbly cabochon ring for 105 gold pieces
  4744 | D:2      | Bought a scroll of fear for 84 gold pieces
  4829 | D:4      | Bought a polished cloak for 237 gold pieces
  4829 | D:4      | Identified the +0 cloak "Ontot" {rC++ Will+ Int-3} (You
                  | bought it in a shop on level 4 of the Dungeon)
  4829 | D:4      | Bought an embroidered cloak for 187 gold pieces
  5086 | D:9      | Noticed a two-headed ogre
  5099 | D:9      | Killed a two-headed ogre
  5099 | D:9      | Reached *** piety under Okawaru
  5100 | D:9      | Reached XP level 11. HP: 86/94 MP: 15/17
  5682 | D:10     | Found a bloodstained altar of Trog.
  5744 | D:10     | Found a hazy altar of Hepliaklqana.
  5889 | D:10     | Found an opulent altar of Gozag.
  5994 | D:11     | Noticed a purple ugly thing
  6059 | D:10     | Reached **** piety under Okawaru
  6273 | D:11     | Noticed a boulder beetle
  6304 | D:11     | Killed a boulder beetle
  6423 | D:12     | Noticed a two-headed ogre
  6431 | D:12     | Killed a two-headed ogre
  6431 | D:12     | Received a gift from Okawaru
  6440 | D:11     | Found a staircase to the Lair.
  6449 | D:12     | Noticed a two-headed ogre
  6457 | D:12     | Killed a two-headed ogre
  6484 | D:12     | Found a frozen archway.
  6491 | IceCv    | Entered an ice cave
  6503 | IceCv    | Reached XP level 12. HP: 92/103 MP: 16/19
  6554 | IceCv    | Reached skill level 5 in Shields
  6696 | IceCv    | Reached ***** piety under Okawaru
  6716 | IceCv    | Reached skill level 11 in Long Blades
  6871 | IceCv    | Noticed a bog body
  6871 | IceCv    | Noticed a bog body
  6886 | IceCv    | Killed a bog body
  6911 | IceCv    | Killed a bog body
  6911 | IceCv    | Received a gift from Okawaru
  6912 | IceCv    | Reached skill level 10 in Invocations
  7099 | D:11     | Noticed a two-headed ogre
  7107 | D:11     | Received a gift from Okawaru
  7111 | D:11     | Killed a two-headed ogre
  7501 | D:12     | Found a staircase to the Orcish Mines.
  7509 | D:12     | Noticed a sixfirhy
  7615 | D:12     | Reached XP level 13. HP: 98/113 MP: 21/21
  7644 | Orc:1    | Entered Level 1 of the Orcish Mines
  7652 | Orc:1    | Reached skill level 5 in Throwing
  7753 | Orc:2    | Entered Level 2 of the Orcish Mines
  7753 | Orc:2    | Found a staircase to the Elven Halls.
  7781 | Orc:2    | Identified the +2 robe of Gluttony {rElec rPois rF+ Will+}
                  | (Okawaru gifted it to you on level 2 of the Orcish Mines)
  7781 | Orc:2    | Received a gift from Okawaru
  7821 | Orc:2    | Noticed an orc warlord
  7822 | Orc:2    | Reached skill level 10 in Fighting
  7822 | Orc:2    | Reached skill level 5 in Evocations
  7840 | Orc:2    | Slain by an orc warrior

Illustrated notes

Levels and vault maps discovered:
D:1:      reono_arrival_forest_river, layout_basic,
          ebering_ecumenical_altar_rust
D:2:      layout_rooms, serial_shops, nicolae_shop_stone, basic_altar,
          fountainhead, minivault_14
D:3:      layout_rooms, serial_shops, shop
D:4:      layout_loops_corners, lemuel_doored_altar,
          mainiacjoe_overflow_boulevard, mainiacjoe_overflow_alcove_1,
          grunt_temple_overflow_open, mainiacjoe_overflow_chevrons,
          minmay_temple_entry_glass, serial_shops, kennysheep_little_box
D:5:      layout_gridville, cheibrodos_ashenzari_chains, roderic_lattice_a
D:6:      minmay_general_purpose_star, layout_loops_ring,
          nemelex_xobeh_ov_fountains_minmay,
          mainiacjoe_overflow_concentric_impassable
D:7:      layout_basic, mainiacjoe_overflow_cross_hatched,
          general_overflow_altar, mainiacjoe_overflow_paths,
          hangedman_decor_riveting
D:8:      layout_basic, lemuel_crystal_altar, chequers_serial_rivers_micro_b
D:9:      layout_cave_pods
D:10:     layout_long_grid, nicolae_hepliaklqana_hippocampus,
          mainiacjoe_overflow_six_doors_small, grunt_gozag_breadcrumbs,
          enter_bailey_2, nrook_campfire, roderic_serpentine_path
D:11:     layout_long_grid, lair_entry_dummy
D:12:     layout_roguey, david_orc_1_choice, portal_ice_cave_rime,
          lemuel_zombie_altar_yredelemnul
Temple:   hellmonk_temple_beads
Orc:1:    layout_caves
Orc:2:    grunt_orc_tribal_feast, layout_diamond_mine, enter_volcano_2

Skill      XL: |  1  2  3  4  5  6  7  8  9 10 11 12 13 |
---------------+----------------------------------------+-----
Dodging        | 1 2 3 4 5 7 8 9 |  9.2
Long Blades    | 3 4 5 6 7 8 10 11 | 11.8
Stealth        | 1 2 3 4 |  4.0
Armour         | 4 5 6 7 |  7.6
Shields        | 4 5 6 |  6.0
Fighting       | 4 5 7 8 9 10 | 10.0
Throwing       | 1 2 3 4 5 |  5.1
Evocations     | 2 3 4 5 |  5.0
Invocations    | 6 9 10 | 10.8

Action                     |  1- 3 |  4- 6 |  7- 9 | 10-12 | 13-15 || total
---------------------------+-------+-------+-------+-------+-------++-------
  Melee: Long sword        |    73 |   171 |   192 |   448 |   110 ||   994
         Falchion          |       |       |    98 |   191 |       ||   289
  Throw: Dart              |       |     1 |     4 |     6 |       ||    11
 Invoke: Heroism           |       |       |       |    10 |     1 ||    11
  Evoke: Wand              |       |       |     1 |     4 |     3 ||     8
    Use: Scroll            |     1 |     9 |     9 |     2 |     1 ||    22
         Potion            |       |     1 |     1 |     2 |     1 ||     5
 Armour: Scale mail        |    70 |    79 |       |       |       ||   149
         Chain mail        |       |     8 |   141 |   330 |   120 ||   599
  Dodge: Dodged            |    39 |    72 |    87 |   294 |    65 ||   557
  Block: Buckler           |    28 |    43 |   166 |   278 |    59 ||   574
         Reflection        |       |       |       |    11 |       ||    11

Table legend: (Time is in decaauts)
 A = Elapsed time spent in this place.
 B = Non-inter-level travel time spent in this place.
 C = Inter-level travel time spent in this place.
 D = Time resting spent in this place.
 E = Time spent auto-exploring this place.
 F = Levels seen in this place.
 G = Mean time per level.
                   A        B        C        D        E       F      G
               +--------+--------+--------+--------+--------+-----+--------+
         Total |   7855 |   6604 |   1251 |    103 |      0 |  17 |  462.1 |
       Dungeon |   6871 |   5638 |   1233 |    103 |      0 |  12 |  572.6 |
        Temple |     95 |     85 |     10 |      0 |      0 |   1 |   95.0 |
  Orcish Mines |    174 |    166 |      8 |      0 |      0 |   2 |   87.0 |
        Bailey |    216 |    216 |      0 |      0 |      0 |   1 |  216.0 |
      Ice Cave |    496 |    496 |      0 |      0 |      0 |   1 |  496.0 |
               +--------+--------+--------+--------+--------+-----+--------+

Top non-repeatable levels by time:
     D:8: 922 daAuts
     D:5: 884 daAuts
    D:10: 823 daAuts
     D:4: 793 daAuts
     D:9: 640 daAuts
     D:6: 540 daAuts
   IceCv: 496 daAuts
     D:3: 453 daAuts
    D:11: 448 daAuts
     D:2: 407 daAuts
    D:12: 402 daAuts
     D:7: 365 daAuts
  Bailey: 216 daAuts
     D:1: 188 daAuts
   Orc:1: 102 daAuts
